 Dungeon Crawl Stone Soup version 0.22-a0-352-gc608dd7fdd (webtiles) character file.

256 Kriby the Magician (level 5, -8/35 HPs)
             Began as a Mummy Necromancer on Apr 14, 2018.
             Mangled by a mummy (16 damage)
             ... in an ossuary.
             The game lasted 00:07:05 (4458 turns).

Kriby the Magician (Mummy Necromancer)              Turns: 4458, Time: 00:07:05

Health: -8/35      AC:  4    Str: 12    XL:     5   Next: 92%
Magic:  13/13      EV:  9    Int: 15    God:
Gold:   151        SH:  6    Dex: 12    Spells: 11/16 levels left

rFire    x . .     SeeInvis .   c - +0 dagger
rCold    + . .     Gourm    +   i - +0 shield
rNeg     + + +     Faith    .   a - +0 robe
rPois    ∞         Spirit   .   g - +0 helmet
rElec    .         Reflect  .   (no cloak)
rCorr    .         Harm     .   j - +0 pair of gloves
MR       +....                  (no boots)
Stlth    ++........             f - amulet of the gourmand
HPRegen  0.11/turn              d - ring of protection from magic
MPRegen  0.13/turn              (no ring)

@: no status effects
A: no food or potions, fire vulnerability, cold resistance 1, negative energy
resistance 3, torment resistance, unbreathing
a: no special abilities


You were in an ossuary.
You were not hungry.

You visited 1 branch of the dungeon, and saw 4 of its levels.
You also visited: Ossuary.

You collected 151 gold pieces.

Inventory:

Hand Weapons
 c - a +0 dagger (weapon)
Armour
 a - a +0 robe (worn)
 g - a +0 helmet (worn)
 i - a +0 shield (worn)
 j - a +0 pair of gloves (worn)
Jewellery
 d - a ring of protection from magic (left hand)
 f - an amulet of the gourmand (around neck)
Scrolls
 b - a scroll of blinking
 e - a scroll of identify
 k - a scroll of amnesia
 l - a scroll of fear


   Skills:
 - Level 1.5 Dodging
 - Level 1.5 Stealth
 * Level 6.4 Spellcasting
 + Level 5.3 Necromancy


You had 11 spell levels left.
You knew the following spells:

 Your Spells              Type           Power        Failure   Level  Hunger
a - Pain                  Necr           ###.         11%         1    N/A
b - Animate Dead          Necr           N/A          73%         4    N/A

Dungeon Overview and Level Annotations

Branches:
Dungeon (4/15)
 Temple: D:4-7

Altars:
Fedhas

Annotations:
D:3 ciphuk's ghost, amateur HaFi


Innate Abilities, Weirdness & Mutations

You do not eat or drink.
Your flesh is vulnerable to fire.
You are immune to poison.
Your flesh is cold resistant. (rC+)
You are immune to negative energy. (rN+++)
You are immune to unholy pain and torment.
You can survive without breathing.


Message History

You block the kobold zombie's attack.
You hit the mummy.
The mummy is moderately damaged.
The mummy barely misses you.
You hit the mummy.
The mummy is moderately damaged.
You block the big kobold zombie's attack.
You hit the mummy but do no damage.
The mummy is moderately damaged.
The mummy hits you! The big kobold zombie hits you.
* * * LOW HITPOINT WARNING * * *
You hit the mummy.
The mummy is heavily damaged.
You block the mummy's attack. The mummy hits you.
* * * LOW HITPOINT WARNING * * *
The big kobold zombie hits you but does no damage.
You hit the mummy but do no damage.
The mummy is heavily damaged.
The mummy hits you!
You die...

#....#
#....#
#....#
#....#
#....#
#....#
#Z...#
#MM..#
#@Z∩.#
######


You could see 2 mummies, a kobold zombie and a big kobold zombie.

Vanquished Creatures
  An orc wizard (D:4)
  2 worker ants (D:4)
  6 adders
  4 gnolls (D:2)
  4 worms
  A dart slug (D:3)
  A leopard gecko (D:1)
  3 orcs
  8 bats
  4 giant cockroaches
  4 goblins (D:1)
  5 hobgoblins
  2 jackals (D:2)
  2 quokkas
  9 frilled lizards
  A gnoll zombie (Ossuary)
  2 hobgoblin zombies (Ossuary)
  9 kobolds
  2 kobold zombies (Ossuary)
  A leopard gecko skeleton (D:4)
  An orc zombie (Ossuary)
  A quokka skeleton (D:4)
  6 rats
79 creatures vanquished.

Notes
Turn   | Place    | Note
-------+----------+-------------------------------------------
     0 | D:1      | Kriby the Mummy Necromancer began the quest for the Orb.
     0 | D:1      | Reached XP level 1. HP: 13/13 MP: 4/4
   150 | D:1      | Reached skill level 3 in Spellcasting
   414 | D:1      | Reached XP level 2. HP: 19/19 MP: 4/6
  1005 | D:2      | Reached skill level 4 in Spellcasting
  1047 | D:2      | Reached XP level 3. HP: 11/24 MP: 3/8
  1246 | D:2      | HP: 1/24 [gnoll/spear (4)]
  1729 | D:2      | Reached XP level 4. HP: 29/30 MP: 3/10
  2013 | D:2      | Reached skill level 5 in Spellcasting
  2221 | D:2      | Learned a level 4 spell: Animate Dead
  2547 | D:2      | Found a blossoming altar of Fedhas.
  2780 | D:3      | Reached XP level 5. HP: 28/35 MP: 0/12
  3169 | D:3      | Noticed ciphuk's ghost (amateur HaFi)
  3196 | D:4      | Reached skill level 5 in Necromancy
  3289 | D:4      | Noticed a phantom
  3304 | D:4      | Reached skill level 6 in Spellcasting
  3926 | D:4      | Found a sand-covered staircase.
  3933 | Ossuary  | Entered an ossuary
  4458 | Ossuary  | Mangled by a mummy

Vault maps used:
D:1:      minmay_arrival_nine_rooms, hex_medium, minmay_misc_feat_columns
D:2:      fedhas_altar_fruit_tree
D:3:      xom_teletrap_fun
D:4:      enter_ossuary_4, minmay_crystal_water, hangedman_decor_points
Ossuary:  ossuary_tomb_3

Skill      XL: |  1  2  3  4  5 |
---------------+----------------+-----
Spellcasting   | 3 4 5 6 |  6.4
Necromancy     | 5 |  5.3
Dodging        | |  1.5
Stealth        | |  1.5

Action                   |  1- 3 |  4- 6 || total
-------------------------+-------+-------++-------
Melee: Unarmed           |     5 |       ||     5
       Dagger            |    18 |    64 ||    82
 Cast: Pain              |    68 |   120 ||   188
       Animate Dead      |       |     2 ||     2
  Use: Scroll            |       |     6 ||     6
Armor: Robe              |     7 |    17 ||    24
Dodge: Dodged            |    41 |    46 ||    87
Block: Shield            |       |     5 ||     5

Table legend:
 A = Spawn XP
 B = Non-spawn XP
 C = Spawn XP percentage of total XP
 D = Spawn monster count
 E = Non-spawn monster count
 F = Spawn count percentage of total count
 G = Total turns spent on level
                    A         B        C        D         E        F      G
               +---------+---------+-------+---------+---------+-------+---------
         Total |       0 |     366 |   0.0 |       0 |      79 |   0.0 |  4458
               +---------+---------+-------+---------+---------+-------+---------
           D:1 |       0 |      29 |   0.0 |       0 |      18 |   0.0 |  1168
           D:2 |       0 |     144 |   0.0 |       0 |      31 |   0.0 |  1489
           D:3 |       0 |      37 |   0.0 |       0 |      13 |   0.0 |   517
           D:4 |       0 |     150 |   0.0 |       0 |      11 |   0.0 |   759
       Ossuary |       0 |       6 |   0.0 |       0 |       6 |   0.0 |   525
               +---------+---------+-------+---------+---------+-------+---------
